[ PARTIDA AOE2 · #478423905 ]
UnrankedVietnamitas vs Burmese
[ ANÁLISIS DE REPETICIÓN · EXTRAÍDO DE LA PARTIDA GRABADA ]
Feudal
13:08
Castillos
19:58
Imperial
43:06
| APM promedio | 47.3 |
| APM pico | 99 |
| eAPM promedio | 29.8 |
| Aldeanos / militares | 152 / 64 |
Foco
⚔️ 31.4% · 🌾 68.6%
Fishing Ship ×22 · Rattan Archer ×22 · Unknown (2626) ×19 · Archer ×11 · Skirmisher ×11 · Fire Galley ×11
Feudal
13:01
Castillos
17:34
Imperial
—
| APM promedio | 26.3 |
| APM pico | 57 |
| eAPM promedio | 17.1 |
| Aldeanos / militares | 94 / 23 |
Foco
⚔️ 29.1% · 🌾 70.9%
Unknown (1949) ×32 · Unknown (1944) ×19 · Trade Cog ×18 · Fishing Ship ×10 · Spearman ×8 · Petard ×7
Feudal
14:24
Castillos
18:02
Imperial
44:28
| APM promedio | 53.9 |
| APM pico | 113 |
| eAPM promedio | 30.9 |
| Aldeanos / militares | 218 / 256 |
Foco
⚔️ 26.1% · 🌾 73.9%
Battle Elephant ×165 · Arambai ×89 · Fishing Ship ×14 · Unknown (2626) ×4 · Fire Galley ×2
Feudal
14:47
Castillos
18:33
Imperial
38:39
| APM promedio | 45.3 |
| APM pico | 93 |
| eAPM promedio | 23.7 |
| Aldeanos / militares | 216 / 228 |
Foco
⚔️ 44.3% · 🌾 55.7%
Chu Ko Nu ×223 · Fishing Ship ×10 · Iron Pagoda ×4 · Battering Ram ×1
Feudal
12:59
Castillos
16:41
Imperial
35:17
| APM promedio | 37.3 |
| APM pico | 75 |
| eAPM promedio | 20.2 |
| Aldeanos / militares | 156 / 412 |
Foco
⚔️ 39.5% · 🌾 60.5%
Gbeto ×155 · Scout Cavalry ×140 · Knight ×75 · Fire Galley ×32 · Fishing Ship ×13 · Trebuchet (Packed) ×7
Feudal
15:31
Castillos
19:14
Imperial
37:36
| APM promedio | 40.6 |
| APM pico | 79 |
| eAPM promedio | 26.0 |
| Aldeanos / militares | 195 / 200 |
Foco
⚔️ 37.8% · 🌾 62.2%
Huskarl ×118 · Spearman ×58 · Monk ×12 · Fishing Ship ×10 · Trebuchet (Packed) ×6 · Mangonel ×5
Feudal
12:19
Castillos
15:55
Imperial
48:55
| APM promedio | 36.4 |
| APM pico | 69 |
| eAPM promedio | 21.7 |
| Aldeanos / militares | 168 / 135 |
Foco
⚔️ 29.1% · 🌾 70.9%
Hand Cannoneer ×90 · Leitis ×22 · Knight ×16 · Fishing Ship ×6 · Scout Cavalry ×3 · Monk ×2
Feudal
13:30
Castillos
17:05
Imperial
40:06
| APM promedio | 35.8 |
| APM pico | 75 |
| eAPM promedio | 23.4 |
| Aldeanos / militares | 177 / 262 |
Foco
⚔️ 43.7% · 🌾 56.3%
Archer ×208 · Unknown (2626) ×41 · Galley ×37 · Fishing Ship ×11 · Bombard Cannon ×10 · Trebuchet (Packed) ×6
Mapa de la partida
Recursos iniciales + cada clic de construcción. Líneas = muros · curvas = relieve. ◆ oro · ⬟ piedra · ● bayas · ✦ reliquia · ◌ hueco del cierre
Tu base· Abierta — hueco de 4t
Base de Vingtor· Abierta — hueco de 4t
Base de Cono | Puchito· Abierta — hueco de 9t
Base de Cono | Nos'· Abierta — flanco sin cerrar
Base de Wuyen· Abierta — hueco de 6t
Base de DS_Moai· Abierta — flanco sin cerrar
Base de iZanor· Abierta — hueco de 12t
Base de Cono | Acr1· Abierta — hueco de 12t
Terreno inicial suavizado · ◌ = hueco del cierre detectado · pasá el cursor para detalles
Inputs por minuto
— OM4R7 - - Vingtor
Build order — OM4R7
Primeras 150 de 478 acciones detectadas
| 0:02 | Construir | Town Center |
| 1:05 | Construir | Dock |
| 2:23 | Construir | House |
| 2:26 | Crear | Villager (Male) |
| 2:27 | Crear | Villager (Male) |
| 2:27 | Crear | Villager (Male) |
| 2:27 | Crear | Villager (Male) |
| 3:35 | Crear | Fishing Ship |
| 3:57 | Construir | Palisade Wall |
| 4:08 | Crear | Villager (Male) |
| 4:35 | Investigar | Loom |
| 4:39 | Construir | House |
| 4:56 | Crear | Fishing Ship |
| 4:58 | Crear | Villager (Male) |
| 4:58 | Crear | Villager (Male) |
| 5:15 | Crear | Villager (Male) |
| 5:32 | Crear | Villager (Male) |
| 5:58 | Crear | Villager (Male) |
| 6:03 | Construir | House |
| 6:18 | Crear | Fishing Ship |
| 6:25 | Crear | Villager (Male) |
| 6:43 | Crear | Villager (Male) |
| 6:59 | Crear | Fishing Ship |
| 7:05 | Crear | Villager (Male) |
| 7:19 | Construir | House |
| 7:34 | Crear | Villager (Male) |
| 7:43 | Crear | Fishing Ship |
| 7:51 | Crear | Villager (Male) |
| 8:08 | Crear | Villager (Male) |
| 8:18 | Crear | Villager (Male) |
| 8:27 | Crear | Fishing Ship |
| 8:35 | Construir | House |
| 8:52 | Crear | Villager (Male) |
| 9:00 | Crear | Villager (Male) |
| 9:09 | Crear | Fishing Ship |
| 9:46 | Construir | House |
| 9:56 | Crear | Fishing Ship |
| 10:02 | Construir | Palisade Wall |
| 10:09 | Construir | Palisade Wall |
| 10:15 | Construir | Palisade Wall |
| 10:20 | Construir | Palisade Wall |
| 10:28 | Construir | Lumber Camp |
| 10:30 | Crear | Villager (Male) |
| 10:58 | Investigar | Feudal Age |
| 11:15 | Construir | House |
| 11:57 | Construir | Mining Camp |
| 12:18 | Crear | Villager (Male) |
| 12:22 | Construir | Dock |
| 13:08 | Edad | Edad Feudal |
| 13:10 | Crear | Unit 2626 |
| 13:10 | Crear | Unit 2626 |
| 13:11 | Investigar | Double-Bit Axe |
| 13:12 | Investigar | Double-Bit Axe |
| 13:15 | Crear | Villager (Male) |
| 13:39 | Crear | Villager (Male) |
| 13:42 | Construir | Blacksmith |
| 14:02 | Crear | Villager (Male) |
| 14:05 | Crear | Unit 2626 |
| 14:05 | Crear | Unit 2626 |
| 14:26 | Construir | Mill |
| 14:27 | Crear | Villager (Male) |
| 14:38 | Crear | Unit 2626 |
| 14:53 | Crear | Unit 2626 |
| 14:53 | Crear | Unit 2626 |
| 15:02 | Construir | House |
| 15:16 | Investigar | Wheelbarrow |
| 15:16 | Investigar | Wheelbarrow |
| 15:18 | Crear | Villager (Male) |
| 15:26 | Construir | Market |
| 15:34 | Construir | House |
| 15:39 | Construir | House |
| 15:43 | Crear | Villager (Male) |
| 15:50 | Crear | Unit 2626 |
| 16:01 | Construir | Palisade Wall |
| 16:21 | Crear | Unit 2626 |
| 16:35 | Crear | Unit 2626 |
| 16:41 | Construir | House |
| 16:52 | Crear | Unit 2626 |
| 16:53 | Crear | Unit 2626 |
| 16:53 | Crear | Villager (Male) |
| 16:54 | Crear | Villager (Male) |
| 17:12 | Investigar | Castle Age |
| 17:17 | Construir | House |
| 17:24 | Construir | House |
| 17:55 | Construir | House |
| 17:56 | Construir | House |
| 18:02 | Construir | Palisade Wall |
| 18:04 | Construir | Palisade Wall |
| 18:15 | Crear | Unit 2626 |
| 18:15 | Crear | Unit 2626 |
| 18:18 | Construir | House |
| 18:28 | Construir | House |
| 18:31 | Investigar | Horse Collar |
| 18:43 | Crear | Unit 2626 |
| 18:43 | Crear | Unit 2626 |
| 18:49 | Construir | Dock |
| 19:15 | Construir | House |
| 19:18 | Construir | Palisade Wall |
| 19:22 | Construir | Palisade Wall |
| 19:36 | Construir | House |
| 19:58 | Edad | Edad de los Castillos |
| 20:00 | Investigar | War Galley (upgrade) |
| 20:01 | Investigar | Bow Saw |
| 20:02 | Investigar | Bow Saw |
| 20:04 | Crear | Villager (Male) |
| 20:04 | Crear | Villager (Male) |
| 20:16 | Construir | House |
| 20:26 | Construir | Town Center |
| 20:29 | Crear | Villager (Male) |
| 20:34 | Crear | Unit 2626 |
| 20:34 | Crear | Unit 2626 |
| 20:34 | Crear | Unit 2626 |
| 20:43 | Construir | Palisade Wall |
| 20:46 | Construir | Palisade Gate |
| 20:47 | Construir | Palisade Wall |
| 20:51 | Construir | Palisade Wall |
| 20:57 | Crear | Villager (Male) |
| 21:00 | Construir | House |
| 21:03 | Construir | House |
| 21:17 | Crear | Fire Galley |
| 21:17 | Crear | Fire Galley |
| 21:17 | Crear | Fire Galley |
| 21:21 | Crear | Villager (Male) |
| 21:56 | Crear | Fire Galley |
| 21:56 | Crear | Fire Galley |
| 21:56 | Crear | Fire Galley |
| 21:57 | Crear | Villager (Male) |
| 21:58 | Crear | Villager (Male) |
| 21:59 | Construir | House |
| 22:24 | Construir | House |
| 22:30 | Crear | Fire Galley |
| 22:30 | Crear | Fire Galley |
| 22:32 | Construir | House |
| 22:33 | Crear | Villager (Male) |
| 22:36 | Investigar | Heavy Plow |
| 22:46 | Construir | Siege Workshop |
| 23:05 | Construir | Palisade Wall |
| 23:25 | Construir | Farm |
| 23:26 | Crear | Villager (Male) |
| 23:34 | Construir | House |
| 23:35 | Crear | Mangonel |
| 23:54 | Construir | Farm |
| 23:54 | Construir | Farm |
| 23:55 | Construir | Farm |
| 23:57 | Construir | Farm |
| 24:10 | Construir | House |
| 24:37 | Crear | Scorpion |
| 24:50 | Crear | Villager (Male) |
| 24:57 | Crear | Villager (Male) |
| 24:57 | Crear | Villager (Male) |
Build order — Vingtor
Primeras 150 de 325 acciones detectadas
| 0:02 | Construir | Town Center |
| 0:48 | Construir | Dock |
| 0:52 | Construir | Palisade Wall |
| 0:54 | Construir | Palisade Wall |
| 1:54 | Construir | House |
| 2:28 | Crear | Villager (Male) |
| 2:28 | Crear | Villager (Male) |
| 2:28 | Crear | Villager (Male) |
| 2:29 | Crear | Villager (Male) |
| 2:29 | Crear | Villager (Male) |
| 3:51 | Crear | Villager (Male) |
| 3:51 | Crear | Villager (Male) |
| 4:13 | Construir | House |
| 4:31 | Crear | Villager (Male) |
| 4:32 | Crear | Villager (Male) |
| 4:32 | Investigar | Loom |
| 5:31 | Crear | Fishing Ship |
| 5:32 | Crear | Fishing Ship |
| 5:32 | Crear | Villager (Male) |
| 5:32 | Crear | Villager (Male) |
| 6:17 | Construir | Palisade Gate |
| 6:25 | Crear | Villager (Male) |
| 6:25 | Crear | Villager (Male) |
| 6:25 | Crear | Fishing Ship |
| 6:41 | Crear | Villager (Male) |
| 6:50 | Construir | House |
| 7:05 | Crear | Villager (Male) |
| 7:05 | Crear | Villager (Male) |
| 7:12 | Crear | Fishing Ship |
| 7:12 | Crear | Fishing Ship |
| 7:42 | Crear | Villager (Male) |
| 7:42 | Crear | Villager (Male) |
| 7:42 | Crear | Villager (Male) |
| 7:46 | Crear | Fishing Ship |
| 7:46 | Crear | Fishing Ship |
| 7:55 | Construir | House |
| 8:17 | Crear | Villager (Male) |
| 8:17 | Crear | Villager (Male) |
| 8:48 | Crear | Villager (Male) |
| 8:48 | Crear | Villager (Male) |
| 8:54 | Crear | Fishing Ship |
| 9:00 | Construir | Mill |
| 9:30 | Crear | Fishing Ship |
| 9:35 | Construir | House |
| 10:43 | Construir | Mining Camp |
| 10:51 | Investigar | Feudal Age |
| 10:51 | Investigar | Feudal Age |
| 10:58 | Crear | Fishing Ship |
| 11:45 | Construir | House |
| 12:16 | Construir | House |
| 12:20 | Construir | House |
| 12:46 | Crear | Villager (Male) |
| 12:46 | Crear | Villager (Male) |
| 13:01 | Edad | Edad Feudal |
| 13:03 | Construir | Market |
| 13:09 | Construir | Blacksmith |
| 13:21 | Construir | Palisade Wall |
| 13:22 | Construir | Palisade Wall |
| 13:22 | Construir | Palisade Wall |
| 13:45 | Construir | Mining Camp |
| 13:48 | Crear | Villager (Male) |
| 14:18 | Crear | Villager (Male) |
| 14:26 | Construir | Palisade Wall |
| 14:33 | Construir | Outpost |
| 14:54 | Investigar | Castle Age |
| 15:28 | Construir | Lumber Camp |
| 15:50 | Investigar | Double-Bit Axe |
| 15:58 | Investigar | Town Watch |
| 16:25 | Investigar | Horse Collar |
| 16:33 | Investigar | Tech 906 |
| 17:32 | Crear | Villager (Male) |
| 17:34 | Edad | Edad de los Castillos |
| 17:52 | Construir | Outpost |
| 18:15 | Crear | Villager (Male) |
| 18:15 | Crear | Villager (Male) |
| 18:29 | Construir | Castle |
| 18:35 | Investigar | Bow Saw |
| 18:35 | Investigar | Bow Saw |
| 18:40 | Construir | House |
| 18:50 | Construir | Town Center |
| 19:21 | Crear | Villager (Male) |
| 19:21 | Crear | Villager (Male) |
| 19:46 | Crear | Unit 1949 |
| 19:46 | Crear | Unit 1949 |
| 20:00 | Crear | Villager (Male) |
| 20:00 | Crear | Villager (Male) |
| 20:09 | Crear | Unit 1949 |
| 20:28 | Crear | Villager (Male) |
| 20:28 | Crear | Villager (Male) |
| 20:36 | Crear | Unit 1949 |
| 20:44 | Construir | Dock |
| 20:57 | Crear | Villager (Male) |
| 20:57 | Crear | Villager (Male) |
| 21:02 | Crear | Villager (Male) |
| 21:08 | Crear | Unit 1949 |
| 21:14 | Construir | Dock |
| 21:17 | Construir | Palisade Wall |
| 21:20 | Construir | Palisade Wall |
| 21:46 | Construir | Siege Workshop |
| 21:52 | Crear | Villager (Male) |
| 21:52 | Crear | Villager (Male) |
| 22:07 | Crear | Unit 1949 |
| 22:08 | Crear | Unit 1949 |
| 22:13 | Construir | Monastery |
| 22:28 | Crear | Unit 1949 |
| 22:28 | Crear | Unit 1949 |
| 22:39 | Crear | Villager (Male) |
| 22:39 | Crear | Villager (Male) |
| 22:44 | Construir | Town Center |
| 22:50 | Crear | Villager (Male) |
| 22:50 | Crear | Villager (Male) |
| 22:50 | Crear | Villager (Male) |
| 23:00 | Construir | Barracks |
| 23:14 | Crear | Mangonel |
| 23:14 | Crear | Mangonel |
| 23:39 | Crear | Battering Ram |
| 23:59 | Investigar | Devotion |
| 23:59 | Investigar | Devotion |
| 24:11 | Investigar | Wheelbarrow |
| 24:39 | Investigar | Scale Barding Armor |
| 24:39 | Investigar | Scale Barding Armor |
| 24:51 | Crear | Mangonel |
| 24:56 | Crear | Unit 1949 |
| 24:56 | Crear | Unit 1949 |
| 25:21 | Crear | Villager (Male) |
| 25:21 | Crear | Villager (Male) |
| 25:36 | Construir | Stable |
| 25:54 | Crear | Unit 1949 |
| 26:01 | Crear | Unit 1949 |
| 26:23 | Crear | Villager (Male) |
| 27:18 | Crear | Unit 1949 |
| 27:18 | Crear | Unit 1949 |
| 27:24 | Construir | Stable |
| 27:25 | Construir | Stable |
| 27:26 | Construir | Stable |
| 27:30 | Construir | Farm |
| 27:30 | Construir | Farm |
| 27:30 | Construir | Farm |
| 27:30 | Construir | Farm |
| 27:45 | Crear | Unit 1949 |
| 28:03 | Crear | Unit 1949 |
| 28:04 | Crear | Unit 1949 |
| 28:43 | Investigar | Hand Cart |
| 28:46 | Crear | Villager (Male) |
| 28:46 | Crear | Villager (Male) |
| 29:07 | Construir | Farm |
| 29:07 | Construir | Farm |
| 29:07 | Construir | Farm |
| 29:07 | Construir | Farm |
| 29:08 | Construir | Farm |
Build order — Cono | Puchito
Primeras 150 de 662 acciones detectadas
| 0:13 | Construir | Town Center |
| 1:16 | Construir | House |
| 2:33 | Crear | Villager (Male) |
| 2:33 | Crear | Villager (Male) |
| 2:33 | Crear | Villager (Male) |
| 2:34 | Crear | Villager (Male) |
| 2:47 | Construir | Dock |
| 4:05 | Crear | Fishing Ship |
| 4:05 | Crear | Fishing Ship |
| 4:19 | Crear | Villager (Male) |
| 4:20 | Crear | Villager (Male) |
| 4:49 | Investigar | Loom |
| 4:50 | Investigar | Loom |
| 4:57 | Construir | House |
| 5:00 | Crear | Villager (Male) |
| 5:01 | Crear | Villager (Male) |
| 5:26 | Crear | Villager (Male) |
| 5:28 | Crear | Fishing Ship |
| 5:28 | Crear | Fishing Ship |
| 6:01 | Crear | Villager (Male) |
| 6:01 | Crear | Villager (Male) |
| 6:10 | Crear | Villager (Male) |
| 6:22 | Construir | House |
| 6:38 | Crear | Villager (Male) |
| 6:51 | Crear | Villager (Male) |
| 6:51 | Crear | Villager (Male) |
| 6:52 | Crear | Fishing Ship |
| 7:33 | Crear | Fishing Ship |
| 7:33 | Crear | Fishing Ship |
| 7:49 | Crear | Villager (Male) |
| 7:50 | Crear | Villager (Male) |
| 7:54 | Construir | House |
| 8:05 | Crear | Villager (Male) |
| 8:05 | Crear | Villager (Male) |
| 8:15 | Crear | Villager (Male) |
| 8:16 | Crear | Villager (Male) |
| 8:21 | Crear | Villager (Male) |
| 8:33 | Crear | Fishing Ship |
| 8:33 | Crear | Fishing Ship |
| 8:37 | Crear | Villager (Male) |
| 8:53 | Crear | Villager (Male) |
| 9:02 | Crear | Villager (Male) |
| 9:06 | Crear | Fishing Ship |
| 9:06 | Crear | Fishing Ship |
| 9:39 | Construir | House |
| 9:40 | Crear | Villager (Male) |
| 9:46 | Crear | Fishing Ship |
| 10:27 | Crear | Fishing Ship |
| 10:43 | Crear | Villager (Male) |
| 10:43 | Crear | Villager (Male) |
| 10:55 | Construir | House |
| 11:20 | Crear | Fishing Ship |
| 11:45 | Construir | Mining Camp |
| 11:53 | Construir | Mining Camp |
| 12:14 | Investigar | Feudal Age |
| 12:14 | Investigar | Feudal Age |
| 13:10 | Construir | Mill |
| 13:47 | Construir | Palisade Wall |
| 13:48 | Construir | Palisade Wall |
| 14:24 | Edad | Edad Feudal |
| 14:27 | Construir | Market |
| 14:29 | Construir | Blacksmith |
| 14:32 | Crear | Villager (Male) |
| 14:32 | Crear | Villager (Male) |
| 14:33 | Crear | Villager (Male) |
| 14:51 | Construir | House |
| 14:52 | Construir | Palisade Wall |
| 14:55 | Construir | Palisade Wall |
| 15:19 | Investigar | Castle Age |
| 15:19 | Investigar | Castle Age |
| 15:31 | Construir | Palisade Wall |
| 15:44 | Construir | Palisade Wall |
| 15:52 | Construir | Palisade Wall |
| 16:34 | Construir | Palisade Wall |
| 16:38 | Construir | Palisade Wall |
| 17:12 | Construir | House |
| 17:18 | Crear | Fire Galley |
| 17:19 | Crear | Fire Galley |
| 17:32 | Crear | Villager (Male) |
| 17:46 | Construir | House |
| 17:47 | Construir | House |
| 17:55 | Crear | Unit 2626 |
| 17:56 | Crear | Unit 2626 |
| 18:02 | Edad | Edad de los Castillos |
| 18:12 | Construir | Palisade Wall |
| 18:29 | Crear | Villager (Male) |
| 18:30 | Crear | Villager (Male) |
| 18:30 | Crear | Villager (Male) |
| 18:44 | Crear | Unit 2626 |
| 18:56 | Construir | Castle |
| 19:18 | Crear | Villager (Male) |
| 19:19 | Crear | Villager (Male) |
| 19:22 | Construir | House |
| 19:23 | Construir | Palisade Wall |
| 19:50 | Investigar | War Galley (upgrade) |
| 19:55 | Crear | Arambai |
| 19:55 | Crear | Arambai |
| 19:55 | Crear | Arambai |
| 20:00 | Investigar | Gold Mining |
| 20:20 | Crear | Unit 2626 |
| 20:24 | Crear | Arambai |
| 20:25 | Crear | Arambai |
| 20:28 | Construir | Farm |
| 20:28 | Construir | Farm |
| 20:28 | Construir | Farm |
| 20:28 | Construir | Farm |
| 20:29 | Construir | Farm |
| 20:29 | Construir | Farm |
| 20:53 | Crear | Villager (Male) |
| 20:53 | Crear | Villager (Male) |
| 20:59 | Crear | Arambai |
| 21:26 | Crear | Villager (Male) |
| 21:28 | Crear | Arambai |
| 21:29 | Crear | Arambai |
| 21:34 | Crear | Villager (Male) |
| 21:48 | Crear | Arambai |
| 21:49 | Crear | Villager (Male) |
| 21:52 | Crear | Villager (Male) |
| 22:21 | Crear | Arambai |
| 22:23 | Crear | Villager (Male) |
| 22:31 | Crear | Arambai |
| 22:41 | Crear | Arambai |
| 22:46 | Crear | Arambai |
| 22:48 | Crear | Villager (Male) |
| 22:52 | Crear | Arambai |
| 22:53 | Crear | Villager (Male) |
| 22:53 | Crear | Villager (Male) |
| 23:02 | Crear | Arambai |
| 23:07 | Crear | Villager (Male) |
| 23:09 | Construir | House |
| 23:25 | Construir | Town Center |
| 23:28 | Crear | Villager (Male) |
| 23:32 | Crear | Villager (Male) |
| 23:36 | Crear | Arambai |
| 23:45 | Construir | House |
| 23:45 | Construir | House |
| 23:51 | Crear | Arambai |
| 23:54 | Construir | Farm |
| 24:01 | Crear | Villager (Male) |
| 24:12 | Crear | Villager (Male) |
| 24:36 | Crear | Villager (Male) |
| 24:38 | Crear | Arambai |
| 24:38 | Crear | Arambai |
| 25:16 | Crear | Arambai |
| 25:17 | Crear | Villager (Male) |
| 25:18 | Crear | Villager (Male) |
| 25:26 | Crear | Villager (Male) |
| 25:28 | Crear | Villager (Male) |
| 25:31 | Construir | Farm |
| 25:31 | Construir | Farm |
Build order — Cono | Nos'
Primeras 150 de 618 acciones detectadas
| 0:20 | Construir | Dock |
| 0:22 | Construir | House |
| 0:40 | Construir | Town Center |
| 2:51 | Investigar | Loom |
| 2:52 | Investigar | Loom |
| 3:25 | Crear | Villager (Male) |
| 3:51 | Crear | Fishing Ship |
| 4:36 | Crear | Villager (Male) |
| 4:38 | Crear | Fishing Ship |
| 5:07 | Crear | Villager (Male) |
| 5:25 | Crear | Villager (Male) |
| 5:25 | Crear | Villager (Male) |
| 5:47 | Crear | Fishing Ship |
| 5:51 | Crear | Villager (Male) |
| 5:51 | Crear | Villager (Male) |
| 6:03 | Construir | House |
| 6:07 | Crear | Villager (Male) |
| 6:07 | Crear | Villager (Male) |
| 6:29 | Crear | Villager (Male) |
| 6:29 | Crear | Villager (Male) |
| 6:47 | Crear | Villager (Male) |
| 6:47 | Crear | Villager (Male) |
| 7:00 | Crear | Fishing Ship |
| 7:00 | Crear | Fishing Ship |
| 7:02 | Crear | Villager (Male) |
| 7:02 | Crear | Villager (Male) |
| 7:26 | Construir | House |
| 7:30 | Crear | Villager (Male) |
| 7:30 | Crear | Villager (Male) |
| 7:45 | Crear | Fishing Ship |
| 8:06 | Construir | House |
| 8:06 | Crear | Villager (Male) |
| 8:11 | Crear | Villager (Male) |
| 8:29 | Crear | Villager (Male) |
| 8:44 | Construir | House |
| 9:24 | Construir | Palisade Wall |
| 9:25 | Construir | Palisade Wall |
| 9:34 | Crear | Villager (Male) |
| 9:35 | Crear | Fishing Ship |
| 9:53 | Construir | Mill |
| 9:58 | Crear | Villager (Male) |
| 10:23 | Crear | Fishing Ship |
| 10:26 | Crear | Villager (Male) |
| 10:49 | Crear | Villager (Male) |
| 11:05 | Crear | Fishing Ship |
| 11:12 | Construir | Mining Camp |
| 11:22 | Crear | Villager (Male) |
| 11:36 | Crear | Villager (Male) |
| 11:49 | Crear | Fishing Ship |
| 12:04 | Crear | Villager (Male) |
| 12:07 | Construir | Mining Camp |
| 12:15 | Construir | House |
| 12:35 | Investigar | Feudal Age |
| 13:57 | Crear | Villager (Male) |
| 13:58 | Crear | Villager (Male) |
| 14:08 | Construir | House |
| 14:47 | Edad | Edad Feudal |
| 14:55 | Construir | Market |
| 15:07 | Construir | Blacksmith |
| 15:45 | Construir | Stone Wall |
| 15:53 | Investigar | Castle Age |
| 15:53 | Investigar | Castle Age |
| 16:03 | Construir | Lumber Camp |
| 16:17 | Investigar | Fletching |
| 16:17 | Investigar | Fletching |
| 16:20 | Investigar | Double-Bit Axe |
| 16:25 | Construir | Stone Wall |
| 16:26 | Construir | Stone Wall |
| 16:27 | Construir | Stone Wall |
| 16:29 | Construir | Stone Wall |
| 16:44 | Construir | Stone Wall |
| 16:58 | Investigar | Horse Collar |
| 17:45 | Construir | House |
| 17:46 | Construir | House |
| 17:49 | Construir | Stone Wall |
| 18:02 | Construir | Gate |
| 18:10 | Crear | Villager (Male) |
| 18:33 | Edad | Edad de los Castillos |
| 18:37 | Construir | Castle |
| 18:38 | Crear | Villager (Male) |
| 18:43 | Construir | House |
| 18:44 | Construir | Stone Wall |
| 18:55 | Investigar | Bodkin Arrow |
| 18:55 | Investigar | Bodkin Arrow |
| 19:02 | Construir | Palisade Gate |
| 19:09 | Investigar | Gold Mining |
| 19:12 | Crear | Villager (Male) |
| 19:19 | Construir | University |
| 19:22 | Construir | Stone Wall |
| 19:25 | Crear | Villager (Male) |
| 19:45 | Investigar | Heavy Plow |
| 19:48 | Construir | Farm |
| 19:49 | Construir | Farm |
| 19:51 | Crear | Chu Ko Nu |
| 19:51 | Crear | Chu Ko Nu |
| 19:59 | Construir | Outpost |
| 20:01 | Investigar | Town Watch |
| 20:01 | Investigar | Town Watch |
| 20:05 | Construir | Farm |
| 20:07 | Construir | Farm |
| 20:10 | Construir | Farm |
| 20:14 | Crear | Villager (Male) |
| 20:16 | Construir | Farm |
| 20:20 | Crear | Chu Ko Nu |
| 20:24 | Crear | Villager (Male) |
| 20:27 | Construir | House |
| 20:28 | Construir | House |
| 20:42 | Crear | Chu Ko Nu |
| 20:42 | Crear | Chu Ko Nu |
| 21:00 | Construir | Outpost |
| 21:05 | Crear | Chu Ko Nu |
| 21:06 | Crear | Villager (Male) |
| 21:13 | Construir | Farm |
| 21:23 | Crear | Chu Ko Nu |
| 21:31 | Crear | Villager (Male) |
| 21:32 | Crear | Chu Ko Nu |
| 21:39 | Construir | House |
| 21:49 | Crear | Chu Ko Nu |
| 21:55 | Crear | Villager (Male) |
| 22:00 | Construir | Outpost |
| 22:01 | Crear | Villager (Male) |
| 22:04 | Crear | Chu Ko Nu |
| 22:08 | Crear | Villager (Male) |
| 22:22 | Crear | Chu Ko Nu |
| 22:25 | Construir | House |
| 22:43 | Crear | Chu Ko Nu |
| 22:46 | Construir | House |
| 22:49 | Crear | Villager (Male) |
| 22:53 | Investigar | Padded Archer Armor |
| 22:53 | Investigar | Padded Archer Armor |
| 22:56 | Crear | Villager (Male) |
| 22:58 | Crear | Chu Ko Nu |
| 23:26 | Crear | Villager (Male) |
| 23:35 | Construir | Castle |
| 23:43 | Crear | Chu Ko Nu |
| 23:43 | Crear | Chu Ko Nu |
| 23:47 | Crear | Villager (Male) |
| 23:49 | Construir | Farm |
| 23:59 | Construir | Outpost |
| 24:00 | Crear | Villager (Male) |
| 24:14 | Investigar | Bow Saw |
| 24:14 | Investigar | Bow Saw |
| 24:35 | Crear | Villager (Male) |
| 24:48 | Crear | Villager (Male) |
| 24:51 | Crear | Chu Ko Nu |
| 24:51 | Crear | Chu Ko Nu |
| 25:13 | Crear | Chu Ko Nu |
| 25:13 | Crear | Chu Ko Nu |
| 25:16 | Construir | House |
| 25:20 | Crear | Chu Ko Nu |
Build order — Wuyen
Primeras 150 de 529 acciones detectadas
| 0:08 | Construir | Town Center |
| 0:53 | Construir | Dock |
| 1:01 | Construir | House |
| 1:15 | Construir | Palisade Wall |
| 2:29 | Crear | Villager (Male) |
| 2:29 | Crear | Villager (Male) |
| 2:30 | Crear | Villager (Male) |
| 2:30 | Crear | Villager (Male) |
| 2:30 | Crear | Villager (Male) |
| 3:33 | Crear | Fishing Ship |
| 3:55 | Crear | Villager (Male) |
| 3:56 | Crear | Villager (Male) |
| 4:22 | Construir | House |
| 4:32 | Crear | Villager (Male) |
| 4:32 | Crear | Villager (Male) |
| 4:51 | Crear | Villager (Male) |
| 5:15 | Crear | Fishing Ship |
| 5:19 | Crear | Villager (Male) |
| 5:19 | Crear | Villager (Male) |
| 5:34 | Construir | House |
| 5:40 | Crear | Villager (Male) |
| 5:40 | Crear | Villager (Male) |
| 6:00 | Crear | Villager (Male) |
| 6:01 | Crear | Villager (Male) |
| 6:09 | Construir | House |
| 6:15 | Construir | House |
| 6:36 | Crear | Villager (Male) |
| 6:36 | Crear | Villager (Male) |
| 6:47 | Crear | Fishing Ship |
| 7:17 | Crear | Villager (Male) |
| 7:17 | Crear | Villager (Male) |
| 7:19 | Crear | Fishing Ship |
| 7:45 | Crear | Villager (Male) |
| 7:45 | Crear | Villager (Male) |
| 7:46 | Crear | Villager (Male) |
| 7:51 | Crear | Fishing Ship |
| 8:13 | Crear | Villager (Male) |
| 8:22 | Crear | Villager (Male) |
| 8:22 | Crear | Villager (Male) |
| 8:29 | Construir | House |
| 8:40 | Crear | Fishing Ship |
| 8:58 | Crear | Villager (Male) |
| 9:11 | Construir | House |
| 9:30 | Construir | Mill |
| 9:35 | Construir | Mill |
| 9:51 | Crear | Villager (Male) |
| 9:51 | Crear | Villager (Male) |
| 10:02 | Crear | Villager (Male) |
| 10:21 | Crear | Fishing Ship |
| 10:34 | Investigar | Feudal Age |
| 10:38 | Construir | House |
| 10:57 | Construir | Mining Camp |
| 11:18 | Crear | Fishing Ship |
| 11:30 | Construir | House |
| 11:33 | Construir | Palisade Wall |
| 11:58 | Construir | House |
| 12:02 | Construir | Palisade Wall |
| 12:07 | Crear | Villager (Male) |
| 12:08 | Crear | Villager (Male) |
| 12:59 | Edad | Edad Feudal |
| 13:03 | Construir | Market |
| 13:08 | Construir | Blacksmith |
| 13:40 | Construir | Palisade Wall |
| 13:42 | Construir | Palisade Wall |
| 14:01 | Investigar | Castle Age |
| 14:14 | Crear | Unit 2626 |
| 14:20 | Construir | Dock |
| 14:45 | Investigar | Tech 906 |
| 14:58 | Construir | Dock |
| 15:21 | Crear | Unit 2626 |
| 15:32 | Crear | Unit 2626 |
| 15:34 | Crear | Villager (Male) |
| 15:41 | Construir | House |
| 15:44 | Construir | House |
| 15:53 | Construir | Lumber Camp |
| 16:25 | Crear | Fire Galley |
| 16:38 | Investigar | Gold Mining |
| 16:38 | Investigar | Gold Mining |
| 16:41 | Edad | Edad de los Castillos |
| 16:43 | Construir | House |
| 16:45 | Crear | Villager (Male) |
| 17:00 | Investigar | Double-Bit Axe |
| 17:31 | Investigar | War Galley (upgrade) |
| 17:34 | Crear | Demolition Raft |
| 17:34 | Crear | Villager (Male) |
| 17:35 | Crear | Villager (Male) |
| 17:35 | Crear | Villager (Male) |
| 17:43 | Construir | House |
| 17:48 | Crear | Villager (Male) |
| 18:06 | Crear | Fire Galley |
| 18:06 | Crear | Fire Galley |
| 18:27 | Crear | Villager (Male) |
| 18:30 | Crear | Fire Galley |
| 18:30 | Crear | Fire Galley |
| 18:31 | Crear | Villager (Male) |
| 18:38 | Investigar | Bow Saw |
| 19:02 | Crear | Villager (Male) |
| 19:07 | Crear | Fire Galley |
| 19:07 | Crear | Fire Galley |
| 19:30 | Construir | Town Center |
| 19:46 | Crear | Fire Galley |
| 19:46 | Crear | Fire Galley |
| 19:51 | Crear | Villager (Male) |
| 19:54 | Investigar | Wheelbarrow |
| 19:55 | Investigar | Wheelbarrow |
| 19:57 | Crear | Villager (Male) |
| 20:23 | Crear | Unit 2626 |
| 20:48 | Crear | Villager (Male) |
| 20:48 | Crear | Villager (Male) |
| 20:55 | Crear | Fire Galley |
| 20:55 | Crear | Fire Galley |
| 21:03 | Crear | Villager (Male) |
| 21:03 | Crear | Villager (Male) |
| 21:03 | Crear | Villager (Male) |
| 21:18 | Crear | Villager (Male) |
| 21:37 | Crear | Villager (Male) |
| 21:51 | Investigar | Gillnets |
| 21:51 | Investigar | Gillnets |
| 21:52 | Crear | Villager (Male) |
| 22:02 | Construir | Town Center |
| 22:10 | Construir | House |
| 22:11 | Construir | House |
| 22:15 | Investigar | Town Watch |
| 22:16 | Investigar | Hand Cart |
| 22:16 | Investigar | Hand Cart |
| 22:23 | Construir | Dock |
| 22:27 | Construir | Dock |
| 22:32 | Crear | Villager (Male) |
| 22:36 | Crear | Fire Galley |
| 23:04 | Crear | Villager (Male) |
| 23:10 | Crear | Villager (Male) |
| 23:10 | Crear | Villager (Male) |
| 23:16 | Construir | Dock |
| 23:21 | Construir | House |
| 23:22 | Construir | House |
| 23:23 | Crear | Villager (Male) |
| 23:23 | Crear | Villager (Male) |
| 23:34 | Crear | Villager (Male) |
| 23:38 | Construir | Lumber Camp |
| 23:52 | Crear | Fire Galley |
| 23:53 | Crear | Fire Galley |
| 23:53 | Crear | Fire Galley |
| 23:53 | Crear | Fire Galley |
| 23:59 | Construir | University |
| 24:04 | Crear | Fire Galley |
| 24:04 | Crear | Fire Galley |
| 24:11 | Crear | Villager (Male) |
| 24:12 | Crear | Villager (Male) |
| 24:17 | Crear | Fishing Ship |
| 24:17 | Crear | Fishing Ship |
Build order — DS_Moai
Primeras 150 de 519 acciones detectadas
| 0:30 | Construir | Town Center |
| 2:26 | Construir | Dock |
| 2:40 | Investigar | Loom |
| 2:50 | Crear | Villager (Male) |
| 2:50 | Crear | Villager (Male) |
| 2:50 | Crear | Villager (Male) |
| 2:50 | Crear | Villager (Male) |
| 2:51 | Crear | Villager (Male) |
| 3:08 | Construir | House |
| 3:39 | Construir | Palisade Wall |
| 4:05 | Crear | Fishing Ship |
| 4:52 | Crear | Fishing Ship |
| 4:59 | Construir | House |
| 5:18 | Crear | Fishing Ship |
| 5:24 | Crear | Villager (Male) |
| 5:59 | Construir | Palisade Gate |
| 6:26 | Crear | Villager (Male) |
| 6:30 | Crear | Fishing Ship |
| 6:59 | Crear | Villager (Male) |
| 7:26 | Crear | Villager (Male) |
| 7:28 | Construir | House |
| 7:45 | Crear | Villager (Male) |
| 7:54 | Construir | Palisade Wall |
| 7:54 | Construir | Palisade Wall |
| 7:54 | Construir | Palisade Wall |
| 8:11 | Crear | Fishing Ship |
| 8:11 | Crear | Villager (Male) |
| 8:24 | Crear | Villager (Male) |
| 8:43 | Construir | House |
| 8:52 | Crear | Fishing Ship |
| 9:00 | Crear | Villager (Male) |
| 9:12 | Construir | Palisade Wall |
| 9:13 | Construir | Palisade Wall |
| 9:13 | Construir | Palisade Wall |
| 9:14 | Construir | Palisade Wall |
| 9:26 | Crear | Villager (Male) |
| 9:39 | Construir | Palisade Wall |
| 9:40 | Construir | Palisade Wall |
| 9:40 | Construir | Palisade Wall |
| 9:52 | Crear | Villager (Male) |
| 10:17 | Crear | Villager (Male) |
| 10:33 | Construir | Palisade Wall |
| 10:37 | Crear | Villager (Male) |
| 10:45 | Construir | House |
| 11:03 | Crear | Fishing Ship |
| 11:09 | Crear | Villager (Male) |
| 11:17 | Construir | House |
| 11:30 | Construir | House |
| 11:35 | Crear | Villager (Male) |
| 11:38 | Construir | Palisade Wall |
| 11:38 | Construir | Palisade Wall |
| 11:43 | Crear | Villager (Male) |
| 11:48 | Crear | Fishing Ship |
| 12:06 | Construir | House |
| 12:08 | Construir | Palisade Wall |
| 12:16 | Construir | Palisade Wall |
| 12:27 | Crear | Villager (Male) |
| 12:44 | Construir | Mill |
| 12:54 | Construir | Outpost |
| 12:56 | Crear | Villager (Male) |
| 13:16 | Investigar | Feudal Age |
| 13:45 | Construir | Palisade Wall |
| 14:12 | Construir | Lumber Camp |
| 14:36 | Construir | Dock |
| 15:02 | Construir | Palisade Wall |
| 15:11 | Construir | House |
| 15:31 | Edad | Edad Feudal |
| 15:34 | Crear | Villager (Male) |
| 15:35 | Crear | Villager (Male) |
| 15:38 | Construir | Palisade Wall |
| 15:48 | Construir | Market |
| 15:55 | Construir | Blacksmith |
| 16:00 | Construir | House |
| 16:06 | Construir | Palisade Wall |
| 16:34 | Investigar | Castle Age |
| 16:35 | Investigar | Castle Age |
| 16:53 | Investigar | Double-Bit Axe |
| 17:05 | Construir | Dock |
| 17:58 | Investigar | Tech 906 |
| 18:00 | Crear | Unit 2626 |
| 18:04 | Crear | Unit 2626 |
| 18:04 | Crear | Unit 2626 |
| 18:33 | Crear | Villager (Male) |
| 18:49 | Construir | Palisade Wall |
| 19:14 | Edad | Edad de los Castillos |
| 19:24 | Construir | Monastery |
| 19:31 | Construir | Siege Workshop |
| 19:37 | Construir | Siege Workshop |
| 19:39 | Crear | Villager (Male) |
| 19:41 | Investigar | Bow Saw |
| 19:52 | Crear | Villager (Male) |
| 20:08 | Construir | Town Center |
| 20:13 | Crear | Monk |
| 20:25 | Crear | Mangonel |
| 20:25 | Crear | Mangonel |
| 20:26 | Crear | Villager (Male) |
| 20:44 | Crear | Villager (Male) |
| 20:56 | Construir | Barracks |
| 21:05 | Construir | Palisade Gate |
| 21:08 | Crear | Monk |
| 21:09 | Crear | Villager (Male) |
| 21:25 | Crear | Villager (Male) |
| 21:42 | Construir | Mill |
| 21:47 | Crear | Villager (Male) |
| 21:47 | Crear | Villager (Male) |
| 21:47 | Crear | Villager (Male) |
| 21:53 | Crear | Monk |
| 21:57 | Construir | Monastery |
| 22:31 | Crear | Villager (Male) |
| 22:31 | Crear | Villager (Male) |
| 22:35 | Construir | Lumber Camp |
| 22:49 | Construir | House |
| 22:50 | Crear | Villager (Male) |
| 22:51 | Crear | Villager (Male) |
| 23:03 | Construir | House |
| 23:04 | Construir | House |
| 23:06 | Crear | Monk |
| 23:17 | Crear | Villager (Male) |
| 23:21 | Crear | Villager (Male) |
| 23:21 | Crear | Villager (Male) |
| 23:27 | Construir | House |
| 23:40 | Crear | Spearman |
| 23:46 | Crear | Villager (Male) |
| 23:46 | Crear | Villager (Male) |
| 23:58 | Investigar | Horse Collar |
| 24:01 | Construir | Farm |
| 24:02 | Construir | Farm |
| 24:02 | Construir | Farm |
| 24:02 | Construir | Farm |
| 24:02 | Construir | Farm |
| 24:03 | Construir | Farm |
| 24:03 | Construir | Farm |
| 24:08 | Crear | Battering Ram |
| 24:25 | Construir | Dock |
| 24:29 | Crear | Villager (Male) |
| 24:29 | Crear | Villager (Male) |
| 25:05 | Crear | Monk |
| 25:29 | Construir | Mill |
| 25:29 | Construir | Farm |
| 25:30 | Construir | Farm |
| 25:30 | Construir | Farm |
| 25:30 | Construir | Farm |
| 25:30 | Construir | Farm |
| 25:30 | Construir | Farm |
| 25:31 | Construir | Farm |
| 25:32 | Crear | Villager (Male) |
| 25:32 | Crear | Villager (Male) |
| 25:32 | Crear | Villager (Male) |
| 25:37 | Crear | Monk |
| 25:50 | Crear | Villager (Male) |
Build order — iZanor
Primeras 150 de 423 acciones detectadas
| 0:04 | Construir | Town Center |
| 0:06 | Construir | House |
| 0:11 | Construir | House |
| 1:11 | Construir | Dock |
| 2:34 | Crear | Villager (Male) ×5 |
| 2:34 | Crear | Villager (Male) ×5 |
| 2:34 | Crear | Villager (Male) |
| 2:34 | Crear | Villager (Male) |
| 3:43 | Crear | Villager (Male) |
| 3:44 | Crear | Villager (Male) |
| 4:00 | Crear | Fishing Ship |
| 5:09 | Construir | House |
| 5:26 | Crear | Villager (Male) |
| 5:26 | Crear | Villager (Male) |
| 5:26 | Crear | Villager (Male) |
| 5:49 | Construir | House |
| 6:15 | Crear | Villager (Male) |
| 6:16 | Crear | Fishing Ship |
| 6:28 | Investigar | Loom |
| 6:28 | Investigar | Loom |
| 6:30 | Crear | Villager (Male) |
| 6:30 | Crear | Villager (Male) |
| 6:33 | Construir | House |
| 6:46 | Crear | Fishing Ship |
| 7:11 | Crear | Villager (Male) |
| 7:29 | Crear | Villager (Male) |
| 7:32 | Crear | Fishing Ship |
| 7:59 | Crear | Villager (Male) |
| 8:10 | Crear | Fishing Ship |
| 8:14 | Construir | House |
| 8:19 | Construir | House |
| 8:27 | Crear | Villager (Male) |
| 8:32 | Construir | House |
| 8:39 | Crear | Villager (Male) |
| 8:43 | Construir | House |
| 9:08 | Crear | Villager (Male) |
| 9:29 | Construir | Mining Camp |
| 9:32 | Crear | Villager (Male) |
| 9:41 | Crear | Fishing Ship |
| 10:09 | Investigar | Feudal Age |
| 10:40 | Construir | Mill |
| 11:39 | Crear | Villager (Male) |
| 11:39 | Crear | Villager (Male) |
| 12:19 | Edad | Edad Feudal |
| 12:25 | Construir | Market |
| 12:28 | Construir | Blacksmith |
| 13:15 | Investigar | Castle Age |
| 13:15 | Investigar | Castle Age |
| 13:15 | Investigar | Castle Age |
| 13:27 | Construir | Barracks |
| 14:25 | Construir | House |
| 14:25 | Construir | House |
| 15:02 | Construir | Stable |
| 15:12 | Crear | Villager (Male) |
| 15:19 | Investigar | Horse Collar |
| 15:55 | Edad | Edad de los Castillos |
| 15:56 | Crear | Knight |
| 15:56 | Crear | Knight |
| 15:57 | Crear | Knight |
| 16:00 | Construir | House |
| 16:14 | Crear | Villager (Male) |
| 16:36 | Construir | Monastery |
| 16:40 | Crear | Villager (Male) |
| 16:44 | Construir | House |
| 16:58 | Crear | Villager (Male) |
| 16:59 | Crear | Knight |
| 17:08 | Crear | Knight |
| 17:13 | Crear | Knight |
| 17:17 | Crear | Villager (Male) |
| 17:40 | Crear | Villager (Male) |
| 18:01 | Crear | Villager (Male) |
| 18:19 | Crear | Villager (Male) |
| 18:34 | Crear | Knight |
| 18:49 | Construir | Town Center |
| 19:12 | Crear | Villager (Male) |
| 19:15 | Crear | Knight |
| 19:21 | Crear | Villager (Male) |
| 19:31 | Crear | Monk |
| 19:40 | Construir | House |
| 19:56 | Crear | Villager (Male) |
| 20:02 | Crear | Knight |
| 20:09 | Construir | Lumber Camp |
| 20:11 | Construir | House |
| 20:15 | Construir | House |
| 20:24 | Crear | Villager (Male) |
| 20:26 | Crear | Knight |
| 20:29 | Crear | Villager (Male) |
| 20:29 | Crear | Villager (Male) |
| 20:45 | Crear | Villager (Male) |
| 21:07 | Crear | Knight |
| 21:27 | Crear | Monk |
| 22:23 | Crear | Villager (Male) |
| 22:24 | Crear | Villager (Male) |
| 22:25 | Crear | Villager (Male) |
| 22:25 | Crear | Villager (Male) |
| 22:28 | Crear | Knight |
| 22:29 | Crear | Knight |
| 23:10 | Construir | Siege Workshop |
| 23:23 | Construir | Farm |
| 23:23 | Construir | Farm |
| 23:23 | Construir | Farm |
| 23:23 | Construir | Farm |
| 23:24 | Construir | Farm |
| 23:24 | Construir | Farm |
| 23:24 | Construir | Farm |
| 23:24 | Construir | Farm |
| 23:49 | Construir | Lumber Camp |
| 23:51 | Construir | Lumber Camp |
| 25:05 | Crear | Villager (Male) |
| 25:05 | Crear | Villager (Male) |
| 25:49 | Crear | Villager (Male) |
| 26:30 | Crear | Villager (Male) |
| 27:19 | Construir | Farm |
| 27:19 | Construir | Farm |
| 27:19 | Construir | Farm |
| 27:19 | Construir | Farm |
| 27:19 | Construir | Farm |
| 27:38 | Crear | Scorpion |
| 27:44 | Crear | Villager (Male) |
| 28:11 | Crear | Villager (Male) |
| 29:11 | Crear | Villager (Male) |
| 29:11 | Crear | Villager (Male) |
| 29:12 | Crear | Villager (Male) |
| 29:18 | Crear | Villager (Male) |
| 29:19 | Crear | Villager (Male) |
| 29:36 | Construir | Castle |
| 29:43 | Construir | Gate |
| 29:52 | Construir | Gate |
| 30:16 | Crear | Villager (Male) |
| 30:17 | Crear | Villager (Male) |
| 30:35 | Crear | Villager (Male) |
| 30:35 | Crear | Villager (Male) |
| 30:40 | Crear | Villager (Male) |
| 30:49 | Construir | Farm |
| 31:00 | Construir | Farm |
| 31:10 | Investigar | Fletching |
| 31:11 | Crear | Knight |
| 31:11 | Crear | Knight |
| 31:23 | Construir | Farm |
| 31:25 | Crear | Leitis |
| 31:25 | Crear | Leitis |
| 31:44 | Crear | Villager (Male) |
| 31:46 | Construir | Farm |
| 31:52 | Construir | Farm |
| 32:02 | Construir | Town Center |
| 32:05 | Crear | Leitis |
| 32:13 | Crear | Villager (Male) |
| 32:13 | Crear | Villager (Male) |
| 32:13 | Crear | Villager (Male) |
| 32:15 | Crear | Villager (Male) |
Build order — Cono | Acr1
Primeras 150 de 501 acciones detectadas
| 0:16 | Construir | Town Center |
| 0:56 | Construir | Dock |
| 0:59 | Construir | House |
| 2:35 | Crear | Villager (Male) |
| 2:35 | Crear | Villager (Male) |
| 2:35 | Crear | Villager (Male) |
| 2:35 | Crear | Villager (Male) |
| 2:36 | Crear | Villager (Male) |
| 3:56 | Crear | Fishing Ship |
| 3:58 | Crear | Villager (Male) |
| 3:59 | Crear | Villager (Male) |
| 4:37 | Construir | House |
| 4:41 | Crear | Villager (Male) |
| 4:58 | Crear | Villager (Male) |
| 5:27 | Crear | Villager (Male) |
| 5:42 | Crear | Fishing Ship |
| 5:42 | Crear | Fishing Ship |
| 5:55 | Crear | Villager (Male) |
| 6:01 | Construir | House |
| 6:23 | Crear | Villager (Male) |
| 6:24 | Crear | Villager (Male) |
| 6:28 | Crear | Fishing Ship |
| 6:28 | Crear | Fishing Ship |
| 6:29 | Crear | Fishing Ship |
| 6:40 | Crear | Villager (Male) |
| 6:41 | Crear | Villager (Male) |
| 7:03 | Crear | Villager (Male) |
| 7:03 | Crear | Villager (Male) |
| 7:21 | Construir | Mill |
| 7:28 | Construir | House |
| 7:39 | Crear | Villager (Male) |
| 7:39 | Crear | Villager (Male) |
| 8:04 | Construir | House |
| 8:06 | Crear | Villager (Male) |
| 8:06 | Crear | Villager (Male) |
| 8:07 | Crear | Fishing Ship |
| 8:07 | Crear | Fishing Ship |
| 8:07 | Crear | Fishing Ship |
| 8:33 | Crear | Fishing Ship |
| 8:39 | Crear | Villager (Male) |
| 8:39 | Crear | Villager (Male) |
| 8:44 | Crear | Villager (Male) |
| 8:45 | Crear | Villager (Male) |
| 8:45 | Crear | Villager (Male) |
| 8:57 | Crear | Villager (Male) |
| 8:57 | Crear | Villager (Male) |
| 9:26 | Crear | Fishing Ship |
| 9:31 | Construir | House |
| 9:32 | Construir | House |
| 10:05 | Crear | Villager (Male) |
| 10:32 | Construir | Mining Camp |
| 10:46 | Crear | Villager (Male) |
| 11:11 | Construir | Lumber Camp |
| 11:20 | Investigar | Feudal Age |
| 11:21 | Investigar | Feudal Age |
| 12:06 | Crear | Villager (Male) |
| 12:06 | Crear | Villager (Male) |
| 12:30 | Construir | Dock |
| 13:30 | Edad | Edad Feudal |
| 13:32 | Construir | Market |
| 13:34 | Construir | Blacksmith |
| 13:44 | Construir | Mill |
| 13:53 | Construir | House |
| 14:25 | Investigar | Castle Age |
| 14:26 | Investigar | Castle Age |
| 15:00 | Investigar | Double-Bit Axe |
| 15:01 | Investigar | Double-Bit Axe |
| 15:08 | Construir | Dock |
| 15:12 | Crear | Galley |
| 15:24 | Construir | House |
| 15:25 | Construir | House |
| 15:41 | Investigar | Gold Mining |
| 16:00 | Investigar | Fletching |
| 16:00 | Investigar | Fletching |
| 16:08 | Crear | Galley |
| 16:09 | Crear | Galley |
| 16:12 | Crear | Villager (Male) |
| 16:20 | Crear | Galley |
| 16:20 | Crear | Galley |
| 16:43 | Crear | Galley |
| 16:43 | Crear | Galley |
| 16:56 | Crear | Galley |
| 16:57 | Crear | Galley |
| 16:57 | Crear | Galley |
| 17:05 | Edad | Edad de los Castillos |
| 17:08 | Construir | Stone Wall |
| 17:11 | Investigar | Bodkin Arrow |
| 17:11 | Investigar | Bodkin Arrow |
| 17:13 | Crear | Villager (Male) |
| 17:31 | Investigar | War Galley (upgrade) |
| 17:31 | Investigar | War Galley (upgrade) |
| 17:40 | Crear | Villager (Male) |
| 18:04 | Crear | Galley |
| 18:04 | Crear | Galley |
| 18:05 | Crear | Villager (Male) |
| 18:05 | Crear | Villager (Male) |
| 18:16 | Crear | Galley |
| 18:17 | Crear | Galley |
| 18:41 | Crear | Galley |
| 18:41 | Crear | Galley |
| 18:45 | Crear | Villager (Male) |
| 18:49 | Crear | Galley |
| 18:49 | Crear | Galley |
| 19:09 | Crear | Galley |
| 19:09 | Crear | Galley |
| 19:16 | Construir | House |
| 19:26 | Crear | Galley |
| 19:26 | Crear | Galley |
| 19:27 | Crear | Villager (Male) |
| 19:27 | Crear | Villager (Male) |
| 19:50 | Crear | Galley |
| 19:50 | Crear | Galley |
| 19:57 | Crear | Villager (Male) |
| 19:58 | Crear | Galley |
| 19:58 | Crear | Galley |
| 20:13 | Crear | Villager (Male) |
| 20:14 | Crear | Galley |
| 20:14 | Crear | Galley |
| 20:30 | Crear | Villager (Male) |
| 20:58 | Construir | University |
| 21:19 | Crear | Galley |
| 21:19 | Crear | Galley |
| 21:19 | Crear | Galley |
| 21:20 | Crear | Villager (Male) ×5 |
| 21:44 | Crear | Galley |
| 21:44 | Crear | Galley |
| 21:45 | Crear | Galley |
| 21:45 | Crear | Villager (Male) ×3 |
| 21:50 | Construir | House |
| 21:51 | Construir | House |
| 21:51 | Construir | House |
| 21:53 | Construir | House |
| 22:07 | Crear | Unit 2626 |
| 22:08 | Crear | Unit 2626 |
| 22:30 | Crear | Unit 2626 |
| 22:30 | Crear | Unit 2626 |
| 22:30 | Crear | Unit 2626 |
| 22:42 | Investigar | Tech 908 |
| 22:43 | Investigar | Tech 908 |
| 22:47 | Crear | Unit 2626 |
| 22:47 | Crear | Unit 2626 |
| 22:47 | Crear | Unit 2626 |
| 23:00 | Crear | Unit 2626 |
| 23:00 | Crear | Unit 2626 |
| 23:13 | Crear | Unit 2626 |
| 23:13 | Crear | Unit 2626 |
| 23:13 | Crear | Unit 2626 |
| 23:38 | Construir | Dock |
| 24:01 | Crear | Unit 2626 |
| 24:02 | Crear | Unit 2626 |
Cronología de la partida
| 0:20 | Cono | Nos' · first_building Dock |
| 0:48 | Vingtor · first_building Dock |
| 0:52 | Vingtor · wall_segment Palisade Wall x1 |
| 0:53 | Wuyen · first_building Dock |
| 0:54 | Vingtor · wall_segment Palisade Wall x1 |
| 0:56 | Cono | Acr1 · first_building Dock |
| 1:05 | OM4R7 · first_building Dock |
| 1:11 | iZanor · first_building Dock |
| 1:15 | Wuyen · wall_segment Palisade Wall x1 |
| 2:26 | DS_Moai · first_building Dock |
| 2:47 | Cono | Puchito · first_building Dock |
| 3:39 | DS_Moai · wall_segment Palisade Wall x1 |
| 3:57 | OM4R7 · wall_segment Palisade Wall x1 |
| 7:54 | DS_Moai · wall_segment Palisade Wall x1 |
| 7:54 | DS_Moai · wall_segment Palisade Wall x1 |
| 7:54 | DS_Moai · wall_segment Palisade Wall x1 |
| 9:12 | DS_Moai · wall_segment Palisade Wall x1 |
| 9:13 | DS_Moai · wall_segment Palisade Wall x1 |
| 9:13 | DS_Moai · wall_segment Palisade Wall x1 |
| 9:14 | DS_Moai · wall_segment Palisade Wall x1 |
| 9:24 | Cono | Nos' · wall_segment Palisade Wall x1 |
| 9:25 | Cono | Nos' · wall_segment Palisade Wall x1 |
| 9:39 | DS_Moai · wall_segment Palisade Wall x1 |
| 9:40 | DS_Moai · wall_segment Palisade Wall x1 |
| 9:40 | DS_Moai · wall_segment Palisade Wall x1 |
| 10:02 | OM4R7 · wall_segment Palisade Wall x1 |
| 10:09 | OM4R7 · wall_segment Palisade Wall x1 |
| 10:15 | OM4R7 · wall_segment Palisade Wall x1 |
| 10:20 | OM4R7 · wall_segment Palisade Wall x1 |
| 10:33 | DS_Moai · wall_segment Palisade Wall x8 |
| 11:33 | Wuyen · wall_segment Palisade Wall x4 |
| 11:38 | DS_Moai · wall_segment Palisade Wall x1 |
| 11:38 | DS_Moai · wall_segment Palisade Wall x1 |
| 12:02 | Wuyen · wall_segment Palisade Wall x7 |
| 12:08 | DS_Moai · wall_segment Palisade Wall x1 |
| 12:16 | DS_Moai · wall_segment Palisade Wall x5 |
| 12:19 | iZanor · age_up feudal |
| 12:59 | Wuyen · age_up feudal |
| 13:01 | Vingtor · age_up feudal |
| 13:08 | OM4R7 · age_up feudal |
| 13:21 | Vingtor · wall_segment Palisade Wall x1 |
| 13:22 | Vingtor · wall_segment Palisade Wall x1 |
| 13:22 | Vingtor · wall_segment Palisade Wall x1 |
| 13:27 | iZanor · first_building Barracks |
| 13:30 | Cono | Acr1 · age_up feudal |
| 13:40 | Wuyen · wall_segment Palisade Wall x1 |
| 13:42 | Wuyen · wall_segment Palisade Wall x9 |
| 13:45 | DS_Moai · wall_segment Palisade Wall x5 |
| 13:47 | Cono | Puchito · wall_segment Palisade Wall x1 |
| 13:48 | Cono | Puchito · wall_segment Palisade Wall x1 |
| 14:24 | Cono | Puchito · age_up feudal |
| 14:25 | Cono | Acr1 · first_market_buy 100 food |
| 14:26 | Vingtor · wall_segment Palisade Wall x5 |
| 14:47 | Cono | Nos' · age_up feudal |
| 14:52 | Cono | Puchito · wall_segment Palisade Wall x1 |
| 14:55 | Cono | Puchito · wall_segment Palisade Wall x5 |
| 15:02 | iZanor · first_building Stable |
| 15:02 | DS_Moai · wall_segment Palisade Wall x3 |
| 15:24 | Vingtor · first_market_sell 100 wood |
| 15:25 | Vingtor · first_market_buy 100 food |
| 15:31 | Cono | Puchito · wall_segment Palisade Wall x1 |
| 15:31 | DS_Moai · age_up feudal |
| 15:38 | DS_Moai · wall_segment Palisade Wall x2 |
| 15:44 | Cono | Puchito · wall_segment Palisade Wall x3 |
| 15:45 | Cono | Nos' · wall_segment Stone Wall x6 |
| 15:52 | Cono | Puchito · wall_segment Palisade Wall x1 |
| 15:55 | iZanor · age_up castle |
| 16:01 | OM4R7 · wall_segment Palisade Wall x6 |
| 16:06 | DS_Moai · wall_segment Palisade Wall x5 |
| 16:25 | Cono | Nos' · wall_segment Stone Wall x1 |
| 16:26 | Cono | Nos' · wall_segment Stone Wall x1 |
| 16:27 | Cono | Nos' · wall_segment Stone Wall x1 |
| 16:29 | Cono | Nos' · wall_segment Stone Wall x20 |
| 16:34 | Cono | Puchito · wall_segment Palisade Wall x1 |
| 16:36 | iZanor · first_building Monastery |
| 16:38 | Cono | Puchito · wall_segment Palisade Wall x13 |
| 16:41 | Wuyen · age_up castle |
| 16:44 | Cono | Nos' · wall_segment Stone Wall x11 |
| 17:05 | Cono | Acr1 · age_up castle |
| 17:07 | iZanor · first_market_sell 100 food |
| 17:08 | Cono | Acr1 · wall_segment Stone Wall x9 |
| 17:34 | Vingtor · age_up castle |
| 17:49 | Cono | Nos' · wall_segment Stone Wall x12 |
| 18:02 | Cono | Puchito · age_up castle |
| 18:02 | OM4R7 · wall_segment Palisade Wall x5 |
| 18:04 | OM4R7 · wall_segment Palisade Wall x8 |
| 18:12 | Cono | Puchito · wall_segment Palisade Wall x1 |
| 18:13 | Cono | Nos' · first_market_sell 100 food |
| 18:14 | Cono | Nos' · first_market_buy 100 stone |
| 18:29 | Vingtor · first_building Castle |
| 18:33 | Cono | Nos' · age_up castle |
| 18:37 | Cono | Nos' · first_building Castle |
| 18:44 | Cono | Nos' · wall_segment Stone Wall x1 |
| 18:49 | DS_Moai · wall_segment Palisade Wall x3 |
| 18:56 | Cono | Puchito · first_building Castle |
| 19:14 | DS_Moai · age_up castle |
| 19:18 | OM4R7 · wall_segment Palisade Wall x8 |
| 19:22 | OM4R7 · wall_segment Palisade Wall x1 |
| 19:22 | Cono | Nos' · wall_segment Stone Wall x1 |
| 19:23 | Cono | Puchito · wall_segment Palisade Wall x1 |
| 19:24 | DS_Moai · first_building Monastery |
| 19:31 | DS_Moai · first_building Siege Workshop |
| 19:58 | DS_Moai · first_market_buy 100 wood |
| 19:58 | OM4R7 · age_up castle |
| 20:43 | OM4R7 · wall_segment Palisade Wall x5 |
| 20:47 | OM4R7 · wall_segment Palisade Wall x1 |
| 20:51 | OM4R7 · wall_segment Palisade Wall x1 |
| 20:56 | DS_Moai · first_building Barracks |
| 21:17 | Vingtor · wall_segment Palisade Wall x1 |
| 21:20 | Vingtor · wall_segment Palisade Wall x1 |
| 21:46 | Vingtor · first_building Siege Workshop |
| 22:13 | Vingtor · first_building Monastery |
| 22:46 | OM4R7 · first_building Siege Workshop |
| 23:00 | Vingtor · first_building Barracks |
| 23:05 | OM4R7 · wall_segment Palisade Wall x1 |
| 23:10 | iZanor · first_building Siege Workshop |
| 23:19 | Cono | Puchito · first_market_sell 100 food |
| 23:19 | Cono | Puchito · first_market_buy 100 wood |
| 23:52 | DS_Moai · first_market_sell 100 stone |
| 25:36 | Vingtor · first_building Stable |
| 26:00 | Cono | Nos' · first_building Siege Workshop |
| 27:34 | OM4R7 · first_market_sell 100 wood |
| 27:43 | Wuyen · first_building Castle |
| 28:39 | OM4R7 · first_market_buy 100 stone |
| 29:31 | iZanor · first_market_buy 100 stone |
| 29:36 | iZanor · first_building Castle |
| 30:55 | Cono | Puchito · first_building Barracks |
| 32:04 | Wuyen · first_market_buy 100 food |
| 34:33 | Cono | Acr1 · first_building Barracks |
| 34:50 | Wuyen · first_building Monastery |
| 34:52 | DS_Moai · first_building Castle |
| 35:06 | Wuyen · first_building Barracks |
| 35:17 | Wuyen · age_up imperial |
| 35:33 | Cono | Acr1 · first_building Archery Range |
| 35:40 | OM4R7 · first_building Castle |
| 36:15 | Cono | Acr1 · first_building Monastery |
| 36:37 | Wuyen · first_market_sell 100 food |
| 37:05 | Cono | Acr1 · first_building Castle |
| 37:13 | OM4R7 · first_building Barracks |
| 37:34 | Cono | Acr1 · wall_segment Palisade Wall x1 |
| 37:36 | DS_Moai · age_up imperial |
| 37:37 | Cono | Puchito · first_building Stable |
| 37:42 | Wuyen · first_building Stable |
| 38:12 | OM4R7 · wall_segment Stone Wall x6 |
| 38:32 | Cono | Puchito · tribute_sent a jugador 1 |
| 38:32 | Cono | Puchito · tribute_sent a jugador 3 |
| 38:32 | Cono | Puchito · tribute_sent a jugador 4 |
| 38:32 | Cono | Puchito · tribute_sent a jugador 5 |
| 38:32 | Cono | Puchito · tribute_sent a jugador 6 |
| 38:32 | Cono | Puchito · tribute_sent a jugador 7 |
| 38:32 | Cono | Puchito · tribute_sent a jugador 8 |
| 38:39 | Cono | Nos' · age_up imperial |
| 38:43 | iZanor · wall_segment Stone Wall x18 |
| 38:43 | Cono | Acr1 · first_market_sell 100 food |
| 38:54 | iZanor · wall_segment Stone Wall x5 |
| 39:28 | iZanor · wall_segment Stone Wall x8 |
| 39:30 | iZanor · wall_segment Stone Wall x8 |
| 40:02 | OM4R7 · wall_segment Stone Wall x10 |
| 40:06 | Cono | Acr1 · age_up imperial |
| 43:06 | OM4R7 · age_up imperial |
| 43:06 | OM4R7 · wall_segment Stone Wall x12 |
| 43:57 | Cono | Nos' · first_building Barracks |
| 44:28 | Cono | Puchito · age_up imperial |
| 44:44 | OM4R7 · wall_segment Stone Wall x1 |
| 44:46 | OM4R7 · wall_segment Stone Wall x1 |
| 44:47 | OM4R7 · wall_segment Stone Wall x1 |
| 46:32 | OM4R7 · wall_segment Stone Wall x8 |
| 47:11 | iZanor · tribute_sent a jugador 1 |
| 47:11 | iZanor · tribute_sent a jugador 2 |
| 47:11 | iZanor · tribute_sent a jugador 3 |
| 47:11 | iZanor · tribute_sent a jugador 4 |
| 47:11 | iZanor · tribute_sent a jugador 5 |
| 47:11 | iZanor · tribute_sent a jugador 6 |
| 47:11 | iZanor · tribute_sent a jugador 8 |
| 47:19 | OM4R7 · tribute_sent a jugador 1 |
| 47:19 | OM4R7 · tribute_sent a jugador 2 |
| 47:19 | OM4R7 · tribute_sent a jugador 4 |
| 47:19 | OM4R7 · tribute_sent a jugador 5 |
| 47:19 | OM4R7 · tribute_sent a jugador 6 |
| 47:19 | OM4R7 · tribute_sent a jugador 7 |
| 47:19 | OM4R7 · tribute_sent a jugador 8 |
| 47:34 | Wuyen · tribute_sent a jugador 1 |
| 47:34 | Wuyen · tribute_sent a jugador 2 |
| 47:34 | Wuyen · tribute_sent a jugador 3 |
| 47:34 | Wuyen · tribute_sent a jugador 4 |
| 47:34 | Wuyen · tribute_sent a jugador 6 |
| 47:34 | Wuyen · tribute_sent a jugador 7 |
| 47:34 | Wuyen · tribute_sent a jugador 8 |
| 48:18 | iZanor · first_building Archery Range |
| 48:22 | OM4R7 · first_building Archery Range |
| 48:43 | Wuyen · tribute_sent a jugador 1 |
| 48:43 | Wuyen · tribute_sent a jugador 2 |
| 48:43 | Wuyen · tribute_sent a jugador 3 |
| 48:43 | Wuyen · tribute_sent a jugador 4 |
| 48:43 | Wuyen · tribute_sent a jugador 6 |
| 48:43 | Wuyen · tribute_sent a jugador 7 |
| 48:43 | Wuyen · tribute_sent a jugador 8 |
| 48:54 | OM4R7 · wall_segment Stone Wall x9 |
| 48:55 | iZanor · age_up imperial |
| 49:32 | Cono | Nos' · wall_segment Stone Wall x1 |
| 53:18 | Cono | Acr1 · first_building Siege Workshop |
| 53:38 | DS_Moai · tribute_sent a jugador 1 |
| 53:38 | DS_Moai · tribute_sent a jugador 2 |
| 53:38 | DS_Moai · tribute_sent a jugador 3 |
| 53:38 | DS_Moai · tribute_sent a jugador 4 |
| 53:38 | DS_Moai · tribute_sent a jugador 5 |
| 53:38 | DS_Moai · tribute_sent a jugador 7 |
| 53:38 | DS_Moai · tribute_sent a jugador 8 |
| 54:35 | iZanor · wall_segment Stone Wall x1 |
| 54:40 | iZanor · wall_segment Stone Wall x3 |
| 55:53 | Cono | Nos' · wall_segment Stone Wall x28 |
| 56:33 | OM4R7 · tribute_sent a jugador 1 |
| 56:33 | OM4R7 · tribute_sent a jugador 2 |
| 56:33 | OM4R7 · tribute_sent a jugador 4 |
| 56:33 | OM4R7 · tribute_sent a jugador 5 |
| 56:33 | OM4R7 · tribute_sent a jugador 6 |
| 56:33 | OM4R7 · tribute_sent a jugador 7 |
| 56:33 | OM4R7 · tribute_sent a jugador 8 |
| 56:36 | Cono | Nos' · first_building Archery Range |
| 56:37 | DS_Moai · tribute_sent a jugador 1 |
| 56:37 | DS_Moai · tribute_sent a jugador 2 |
| 56:37 | DS_Moai · tribute_sent a jugador 3 |
| 56:37 | DS_Moai · tribute_sent a jugador 4 |
| 56:37 | DS_Moai · tribute_sent a jugador 5 |
| 56:37 | DS_Moai · tribute_sent a jugador 7 |
| 56:37 | DS_Moai · tribute_sent a jugador 8 |
| 57:51 | OM4R7 · resign |
[ ANÁLISIS IA · 1 CRÉDITO ]
¿Qué pasó realmente en esta partida?
Wolo.gg analiza cada decisión: build order, eco, micro, errores típicos por bracket. Análisis personalizado por WhatsApp o Discord en 30 segundos.
Guía civ
Vietnamitas
Perfil
Jugador #2985170